 Dungeon Crawl Stone Soup version 0.29.1-13-g9f3cf754e1 (webtiles) character file.

Game seed: 16638330680127516623

269 Sanktem7 the Trooper (level 6, -4/57 HPs)
             Began as a Minotaur Fighter on Jan 25, 2023.
             Was an Initiate of Trog.
             Slain by Grinder (5 damage)
             ... on level 3 of the Dungeon.
             The game lasted 00:05:23 (2695 turns).

Sanktem7 the Trooper (Minotaur Fighter)             Turns: 2695, Time: 00:05:23

Health: -4/57      AC:  9    Str: 23    XL:     6   Next: 1%
Magic:  5/5        EV:  7    Int:  5    God:    Trog [......]
Gold:   171        SH:  4    Dex:  9    Spells: 5/5 levels left

rFire   . . .      SeeInvis .   a - +0 war axe {axe}
rCold   . . .      Faith    .   c - +0 buckler
rNeg    . . .      Spirit   .   r - +0 chain mail
rPois   .          Reflect  .   (helmet restricted)
rElec   .          Harm     .   (no cloak)
rCorr   .          Rampage  .   (no gloves)
Will    .....                   (no boots)
Stlth   ..........              (no amulet)
HPRegen 0.19/turn               (no ring)
MPRegen 0.09/turn               (no ring)

@: no status effects
A: horns 2, retaliatory headbutt
a: Renounce Religion


You were on level 3 of the Dungeon.
You worshipped Trog.
Trog was noncommittal.
You visited 1 branch of the dungeon, and saw 3 of its levels.

You collected 171 gold pieces.


Innate Abilities, Weirdness & Mutations

You have a pair of horns on your head.
You reflexively headbutt those who attack you in melee.


   Skills:
 * Level 5.8 Fighting
 * Level 5.2 Axes
 + Level 4.8 Armour
 - Level 3.6 Shields


You had 5 spell levels left.
You didn't know any spells.
Your spell library contained the following spells:

 Spells                   Type           Power      Damage    Failure   Level
 Corpse Rot               Necr/Pois/Air  0%         N/A       100%        4
 Dispel Undead            Necr           0%         3d6       100%        4
 Death Channel            Necr           0%         N/A       100%        6

Inventory:

Hand Weapons
 a - a +0 war axe (weapon) {axe}
Missiles
 i - 32 stones (quivered) {throwing}
 u - 6 silver javelins {throwing}
Armour
 c - a +0 buckler (worn)
 r - a +0 chain mail (worn)
   (You found it on level 2 of the Dungeon)
Wands
 t - a wand of light (8)
   (You found it on level 3 of the Dungeon)
Scrolls
 b - a scroll of vulnerability {unknown}
 e - 3 scrolls of identify {unknown}
 h - a scroll of immolation {unknown}
 l - 2 scrolls of teleportation {unknown}
 n - a scroll of poison {unknown}
 p - a scroll of blinking {unknown}
 q - a scroll of magic mapping {unknown}
 s - a scroll of amnesia {unknown}
Potions
 d - a potion of might
 f - a potion of magic {unknown}
 g - a potion of haste {unknown}
 j - 4 potions of curing {unknown}
 k - a potion of mutation {unknown}
 m - a potion of ambrosia {unknown}
 o - a potion of resistance {unknown}

Dungeon Overview and Level Annotations

Branches:
Dungeon (3/15) Zot: 15246

Altars:
Cheibriados
Qazlal
Trog
Yredelemnul

Shops:
D:2 (

Annotations:
D:3 1 runed translucent door, Grinder

#.#
#.....#.#.....#.######.#
#.#
###.#...#.#..........#.#
#.#
#.#.###.#####.####.#.#
#[######.#.# #.#
#......#.# #..[.....#.#
#.############.#
##########.#
#..............# #.#
##############.#
#.########### ###
#..5@........
#############


You could see Grinder.


Message History

😎 HP[+7] MP[+1]
You now have 57 max hp (+7).
Your hp is fully restored (57).
Your mp is fully restored (5).
You closely miss the giant cockroach. You headbutt the giant cockroach.
The giant cockroach barely misses you.
You hit the giant cockroach.
You kill the giant cockroach!
Trog accepts your kill.
No target in view!
No target in view!
No target in view!
No target in view!
No target in view!
No target in view!
No target in view!
No target in view!
No target in view!
No target in view!
No target in view!
No target in view!
No target in view!
No target in view!
No target in view!
No target in view!
Things that are here:
a giant cockroach corpse; an adder corpse Key pressed, stopping explore.
You now have 171 gold pieces (gained 12).
Found a stone staircase leading down.
There is a stone staircase leading down here.
There is an open door here.
You see here a +0 giant spiked club {mace}.
A bat is nearby!
The bat hits you but does no damage. The bat barely misses you.
You furiously retaliate!
You headbutt the bat. You barely miss the bat. You block the bat's attack.
The bat hits you but does no damage.
You miss the bat. You headbutt the bat.
You kill the bat!
Trog accepts your kill.
No target in view!
No target in view!
No target in view!
No target in view!
No target in view!
No target in view!
No target in view!
No target in view!
No target in view!
No target in view!
No target in view!
Grinder comes into view.
Grinder shouts!
You slash Grinder! Your headbutt misses Grinder. Grinder barely misses you.
Grinder hits you but does no damage.
You closely miss Grinder. Grinder hits you.
You writhe in agony. 😕 HP[-10]
You take 10 damage, and now have 47/57 hp.
You closely miss Grinder.
Grinder blinks! 😕 HP[+1] Grinder hits you! 😮 HP[-8]
You take 8 damage, and now have 40/57 hp.
You hit Grinder but do no damage. Grinder hits you! 😮 HP[-7]
You take 7 damage, and now have 33/57 hp.
You hit Grinder but do no damage. Grinder hits you but does no damage. x2
You slash Grinder! Grinder hits you.
You writhe in agony.
* * * LOW HITPOINT WARNING * * *
😨 HP[-6]
You take 6 damage, and now have 27/57 hp.
You hit Grinder. You headbutt Grinder.
Grinder blinks!
Grinder gestures at you. Pain shoots through your body!
* * * LOW HITPOINT WARNING * * *
😨 HP[-4]
You take 4 damage, and now have 23/57 hp.
Grinder gestures at you.
You suddenly lose the ability to move!
Grinder hits you.
* * * LOW HITPOINT WARNING * * *
You writhe in agony.
* * * LOW HITPOINT WARNING * * *
Grinder says, "I used to sell toenails on the black market."
Grinder hits you.
* * * LOW HITPOINT WARNING * * *
You writhe in agony.
* * * LOW HITPOINT WARNING * * *
You can move again. 😱 HP[-14]
You take 14 damage, and now have 9/57 hp.
MASSIVE DAMAGE!! (PAUSE)
You closely miss Grinder. Grinder hits you but does no damage.
You block Grinder's attack.
You barely miss Grinder. Your headbutt misses Grinder.
Grinder barely misses you.
You slash Grinder! You headbutt Grinder. Grinder hits you!
* * * LOW HITPOINT WARNING * * *
You writhe in agony.
You die...

Skill      XL: |  1  2  3  4  5 |
---------------+----------------+-----
Fighting       | 4 5 |  5.8
Axes           | 3 4 5 |  5.2
Armour         | 4 |  4.8
Shields        | |  3.6

Action                   |  1- 3 |  4- 6 || total
-------------------------+-------+-------++-------
Melee: War axe           |    92 |    78 ||   170
       Headbutt          |    11 |    13 ||    24
Armor: Scale mail        |    38 |       ||    38
       Chain mail        |     1 |    50 ||    51
Dodge: Dodged            |    56 |    26 ||    82
Block: Buckler           |    21 |    19 ||    40

Levels and vault maps discovered:
D:1:      nicolae_arrival_washed_ashore, layout_basic,
          shapermc_ecumenical_altar_ellora
D:2:      layout_loops_ring, serial_shops,
          nicolae_shop_competitors_out_of_business
D:3:      layout_basic, minitemple, ebering_ghost_reflecting_pool,
          minmay_close_crescents, uniq_jessica, uniq_grinder

Notes
Turn   | Place    | Note
-------+----------+-------------------------------------------
     0 | D:1      | Sanktem7 the Minotaur Fighter began the quest for the Orb.
     0 | D:1      | Reached XP level 1. HP: 19/19 MP: 0/0
     0 | D:1      | magus.rc [v1.9.6]
   187 | D:1      | Reached XP level 2. HP: 27/27 MP: 1/1
   189 | D:1      | Reached skill level 4 in Fighting
   204 | D:1      | Reached skill level 3 in Axes
   342 | D:1      | Found a faded altar of an unknown god.
   564 | D:1      | Reached skill level 4 in Armour
   649 | D:1      | Reached XP level 3. HP: 32/33 MP: 2/2
   778 | D:1      | You pick up a book of Decay and begin reading...
   778 | D:1      | You add the spells Corpse Rot, Dispel Undead and Death
                  | Channel to your library.
  1473 | D:2      | Reached XP level 4. HP: 41/41 MP: 3/3
  1700 | D:2      | Found Qotejo's Weapon Shop.
  1776 | D:3      | Noticed Jessica
  1779 | D:3      | Killed Jessica
  1780 | D:3      | Reached skill level 4 in Axes
  1829 | D:3      | Noticed an ogre
  1834 | D:3      | Killed an ogre
  1835 | D:3      | Reached skill level 5 in Fighting
  1835 | D:3      | Reached XP level 5. HP: 22/48 MP: 4/4
  2053 | D:3      | Found a runed translucent door.
  2130 | D:3      | Reached skill level 5 in Axes
  2172 | D:3      | Found a stormy altar of Qazlal.
  2174 | D:3      | Found a basalt altar of Yredelemnul.
  2183 | D:3      | Found a bloodstained altar of Trog.
  2185 | D:3      | Found a snail-covered altar of Cheibriados.
  2215 | D:3      | Became a worshipper of Trog the Wrathful
  2551 | D:3      | Reached XP level 6. HP: 57/57 MP: 5/5
  2677 | D:3      | Noticed Grinder
  2689 | D:3      | Paralysed by Grinder for 4 turns
  2691 | D:3      | HP: 14/57 [Grinder (5)]
  2695 | D:3      | HP: 1/57 [Grinder (8)]
  2695 | D:3      | Slain by Grinder

Vanquished Creatures
  An ogre (D:3)
  An orc priest (D:3)
  Jessica (D:3)
  6 adders
  A worm (D:2)
  2 orcs (D:3)
  6 bats
  4 endoplasms
  5 giant cockroaches
  9 hobgoblins
  7 jackals (D:1)
  7 kobolds
  4 quokkas
  A ball python (D:2)
  6 frilled lizards
  7 goblins
  6 rats
74 creatures vanquished.

Table legend:
 A = Non-vault XP
 B = Vault XP
 C = Vault XP percentage of total XP
 D = Non-vault monster count
 E = Vault monster count
 F = Vault count percentage of total count
                 A         B        C        D         E       F
            +---------+---------+-------+---------+---------+-------
      Total |     327 |      58 |  15.1 |      67 |       7 |   9.5
            +---------+---------+-------+---------+---------+-------
        D:1 |      50 |       0 |   0.0 |      29 |       0 |   0.0
        D:2 |      55 |       0 |   0.0 |      19 |       0 |   0.0
        D:3 |     222 |      58 |  20.7 |      19 |       7 |  26.9
            +---------+---------+-------+---------+---------+-------

Illustrated notes

Table legend:
 A = Kills in this place as a percentage of kills in entire the game.
 B = Kills by you in this place as a percentage of kills by you in the entire game.
 C = Kills by friends in this place as a percentage of kills by friends in the entire game.
 D = Other kills in this place as a percentage of other kills in the entire game.
 E = Experience gained in this place as a percentage of experience gained in the entire game.
 F = Experience gained in this place divided by the number of levels of this place that you have seen.
                   A       B       C       D       E      F
               +-------+-------+-------+-------+-------+----------------------
         Total | 100.0 | 100.0 |   N/A |   N/A | 100.0 | 128.3
       Dungeon | 100.0 | 100.0 |   N/A |   N/A | 100.0 | 128.3
               +-------+-------+-------+-------+-------+----------------------

Table legend: (Time is in decaauts)
 A = Elapsed time spent in this place.
 B = Non-inter-level travel time spent in this place.
 C = Inter-level travel time spent in this place.
 D = Time resting spent in this place.
 E = Time spent auto-exploring this place.
 F = Levels seen in this place.
 G = Mean time per level.
                   A        B        C        D        E       F      G
               +--------+--------+--------+--------+--------+-----+--------+
         Total |   2752 |   2674 |     78 |      0 |   2202 |   3 |  917.3 |
       Dungeon |   2752 |   2674 |     78 |      0 |   2202 |   3 |  917.3 |
               +--------+--------+--------+--------+--------+-----+--------+

Top non-repeatable levels by time:
     D:1: 1032 daAuts
     D:3: 950 daAuts
     D:2: 769 daAuts
